[Event "France Jeunes Belfort 2017"]
[Site "Belfort"]
[Date "2017.04.16"]
[Round "1.4"]
[White "Boutherand, Alexia"]
[Black "Sabiani, Chjara"]
[Result "0-1"]
[ECO "C64"]
[WhiteElo "1262"]
[BlackElo "1781"]
[PlyCount "68"]
[EventDate "2017.??.??"]
[TimeControl "6000+1075"]
[WhiteClock "0:34:34"]
[BlackClock "0:13:27"]

1. e4 e5 2. Nf3 Nc6 3. Bb5 a6 4. Bxc6 dxc6 5. Nc3 Bd6 6. d4 Qe7 7. Qd3 Bd7 8.
Be3 O-O-O 9. O-O-O Nf6 10. h3 Rhe8 11. Rhe1 Kb8 12. a3 Bc8 13. Nd2 Rd7 14. Nb3
Red8 15. d5 cxd5 16. Nxd5 Nxd5 17. Qxd5 Bb4 18. Bc5 Rxd5 19. Bxe7 Rxd1+ 20.
Rxd1 Rxd1+ 21. Kxd1 Bxe7 22. Kd2 Be6 23. Kc3 Bxb3 24. Kxb3 Kc8 25. Kc4 c6 26.
f3 Kd7 27. a4 Ke6 28. g4 Kf6 29. h4 Kg6 30. h5+ Kg5 31. Kd3 g6 32. hxg6 fxg6
33. Ke2 Kf4 34. Kf2 h5 0-1

[Event "France Jeunes Belfort 2017"]
[Site "Belfort"]
[Date "2017.04.16"]
[Round "1.4"]
[White "Retailleau, Elise"]
[Black "Milroy, Melena"]
[Result "1-0"]
[ECO "B01"]
[WhiteElo "1946"]
[BlackElo "1610"]
[PlyCount "63"]
[EventDate "2017.??.??"]
[TimeControl "6000+1310"]
[WhiteClock "0:00:48"]
[BlackClock "0:00:37"]

1. e4 d5 2. exd5 Nf6 3. d4 Nxd5 4. c4 Nb4 5. a3 N4a6 6. Be3 Bf5 7. Nc3 e6 8.
Nf3 Be7 9. b4 c6 10. Be2 Nd7 11. O-O Nb6 12. Qb3 Nc7 13. Rfd1 Bf6 14. Rac1 O-O
15. Nd2 Bg5 16. Bxg5 Qxg5 17. Nde4 Qg6 18. Nc5 Rab8 19. Bf3 Rfd8 20. b5 Bg4 21.
Be4 f5 22. Bb1 Bxd1 23. Rxd1 cxb5 24. Nxb5 Nxb5 25. Qxb5 Qe8 26. Qb3 Qc6 27.
Re1 Rxd4 28. Nxe6 Rg4 29. f3 Qxc4 30. Qb2 Rg6 31. Ba2 Qa4 32. Nc5+ 1-0

[Event "France Jeunes Belfort 2017"]
[Site "Belfort"]
[Date "2017.04.16"]
[Round "1.4"]
[White "Sarafian, Thomas"]
[Black "Micottis, Dorian"]
[Result "1/2-1/2"]
[ECO "B43"]
[WhiteElo "1892"]
[BlackElo "2249"]
[PlyCount "89"]
[EventDate "2017.??.??"]
[TimeControl "6000+960"]
[WhiteClock "0:04:16"]
[BlackClock "0:01:09"]

1. e4 c5 2. Nf3 e6 3. d4 cxd4 4. Nxd4 a6 5. Nc3 Qc7 6. Be2 b5 7. a3 Bb7 8. O-O
Nf6 9. Bf3 d6 10. Bg5 Nbd7 11. g3 Be7 12. Bg2 O-O 13. f4 h6 14. Bh4 Rfe8 15.
Kh1 Nb6 16. Qe2 Nc4 17. Nd1 Rac8 18. c3 Nb6 19. Nf2 Qc4 20. Qd2 Nbd7 21. Rae1
Qc7 22. Nd3 Nc5 23. Nf2 Qb8 24. e5 Bxg2+ 25. Kxg2 Qa8+ 26. Kg1 Nfe4 27. Nxe4
Nxe4 28. Qe3 Bxh4 29. gxh4 d5 30. f5 exf5 31. Rxf5 Rc7 32. Kh1 Rce7 33. Rg1 Kh7
34. Qf4 Qb7 35. Rh5 Re6 36. Rf5 R8e7 37. Nxe6 fxe6 38. Rf8 d4 39. Qf3 dxc3 40.
bxc3 Rc7 41. Qg2 Nxc3 42. Qxb7 Rxb7 43. Ra8 Ne2 44. Re1 Nd4 45. Rxa6 1/2-1/2

[Event "France Jeunes Belfort 2017"]
[Site "Belfort"]
[Date "2017.04.16"]
[Round "1.4"]
[White "Tomasi, Albert"]
[Black "Gachenot, Alexandre"]
[Result "1-0"]
[ECO "C68"]
[WhiteElo "2147"]
[BlackElo "1724"]
[PlyCount "59"]
[EventDate "2017.??.??"]
[TimeControl "6000+835"]
[WhiteClock "0:15:14"]
[BlackClock "0:41:16"]

1. e4 e5 2. Nf3 Nc6 3. Bb5 Bc5 4. c3 a6 5. Ba4 b5 6. Bb3 Nf6 7. O-O O-O 8. d4
exd4 9. cxd4 Bb4 10. e5 Ne8 11. d5 Na5 12. Bc2 Nc4 13. b3 Nb6 14. Bxh7+ Kh8 15.
Ng5 g6 16. Qd4 Ng7 17. Qxb4 Nf5 18. Nc3 Kg7 19. Qg4 Qe7 20. d6 Qe8 21. Bb2 Rh8
22. Nce4 Kf8 23. e6 dxe6 24. Bxh8 e5 25. Bxg6 fxg6 26. Nh7+ Kf7 27. Neg5+ Kg8
28. Nf6+ Kxh8 29. Qh3+ Kg7 30. Nxe8+ 1-0

[Event "France Jeunes Belfort 2017"]
[Site "Belfort"]
[Date "2017.04.16"]
[Round "1.5"]
[White "Tahay, Alexis"]
[Black "Noblecourt, N."]
[Result "1-0"]
[ECO "B06"]
[WhiteElo "2239"]
[BlackElo "1868"]
[PlyCount "87"]
[EventDate "2017.??.??"]
[TimeControl "6000+1015"]
[WhiteClock "0:35:51"]
[BlackClock "0:10:53"]

1. e4 g6 2. d4 Bg7 3. Be2 c6 4. Be3 d5 5. e5 b6 6. Qd2 h5 7. Nf3 Nh6 8. O-O Nf5
9. Bf4 Ba6 10. Nc3 e6 11. Bxa6 Nxa6 12. Ne2 c5 13. c3 c4 14. Ng3 Nxg3 15. fxg3
O-O 16. Bg5 Qd7 17. Qf4 Nc7 18. g4 hxg4 19. Qxg4 Ne8 20. Qh4 f6 21. exf6 Bxf6
22. Rae1 Qe7 23. Ne5 Bxg5 24. Rxf8+ Qxf8 25. Qxg5 Qf6 26. Qg3 Ng7 27. Nxg6 Kh7
28. Ne5 Nf5 29. Ng4 Qg6 30. Qc7+ Qg7 31. Qxg7+ Nxg7 32. Rf1 Nf5 33. Rf3 Kg7 34.
Ne5 b5 35. g4 Nh6 36. h4 a5 37. h5 b4 38. g5 Nf5 39. Rh3 Rb8 40. h6+ Nxh6 41.
gxh6+ Kh7 42. Nf7 Rb7 43. Ng5+ Kg6 44. h7 1-0

[Event "France Jeunes Belfort 2017"]
[Site "Belfort"]
[Date "2017.04.16"]
[Round "1.6"]
[White "Budak, R."]
[Black "Dudognon, Thibault"]
[Result "0-1"]
[ECO "B10"]
[WhiteElo "1835"]
[BlackElo "2218"]
[PlyCount "168"]
[EventDate "2017.??.??"]
[TimeControl "6000+25265"]
[WhiteClock "0:01:00"]
[BlackClock "0:02:44"]

1. e4 c6 2. Ne2 d5 3. e5 d4 4. b4 f6 5. Nf4 g6 6. Bd3 fxe5 7. Bxg6+ hxg6 8.
Nxg6 Rh6 9. Nxe5 Qd5 10. Nf3 Bg4 11. d3 Bxf3 12. gxf3 Rxh2 13. Rg1 Qe6+ 14. Qe2
Qxe2+ 15. Kxe2 Nf6 16. Bb2 Rh4 17. Nd2 e5 18. Nc4 Nbd7 19. a3 O-O-O 20. Rae1 b5
21. Na5 Kc7 22. Bc1 Bh6 23. Rh1 Rxh1 24. Rxh1 Bxc1 25. Rxc1 Nd5 26. Rh1 Rg8 27.
Nb3 Rg7 28. Kf1 Rf7 29. Nd2 N7f6 30. Ke1 Kd7 31. Rg1 Ke6 32. Nb3 Nc3 33. f4
exf4 34. Nxd4+ Kd5 35. Nf3 Kd6 36. Kd2 Na4 37. Rg6 Rf8 38. Ng5 Kd5 39. Nf3 Nb6
40. Rg5+ Kd6 41. Nd4 Nbd7 42. Nf5+ Kc7 43. Nd4 Kb7 44. Ne6 Rg8 45. Rf5 Rg1 46.
Kc3 Rf1 47. Kb3 Rxf2 48. Rxf4 Re2 49. Nd4 Re5 50. Rf5 Re1 51. Kb2 Kc7 52. Rg5
Kd6 53. Nf5+ Kc7 54. Nd4 Ne8 55. Rg2 Nb6 56. Rg6 Na4+ 57. Ka2 Nd6 58. Rg7+ Kb6
59. Rg6 Kc7 60. Rg7+ Kb6 61. Rg6 Nc3+ 62. Kb3 Na4 63. Ka2 Ne8 64. Rxc6+ Kb7 65.
Rh6 Nc7 66. Rh7 a6 67. Rg7 Kc8 68. Rg5 Nd5 69. c4 Ndc3+ 70. Kb3 Rb1+ 71. Kc2
Rb2+ 72. Kc1 bxc4 73. dxc4 Rf2 74. Rf5 Rh2 75. c5 Nb2 76. Rf3 Na2+ 77. Kb1 Na4
78. Nc2 N2c3+ 79. Kc1 Na2+ 80. Kb1 N2c3+ 81. Kc1 Ne4 82. Ne3 Nd2 83. Rf4 Nb3+
84. Kd1 Nb2+ 0-1

[Event "France Jeunes Belfort 2017"]
[Site "Belfort"]
[Date "2017.04.16"]
[Round "2.1"]
[White "Bassal, Samuel"]
[Black "Burri, Quentin"]
[Result "0-1"]
[ECO "D04"]
[WhiteElo "1924"]
[BlackElo "2372"]
[PlyCount "68"]
[EventDate "2017.??.??"]
[TimeControl "6000+1205"]
[WhiteClock "0:04:02"]
[BlackClock "0:14:05"]

1. d4 d5 2. Nf3 Nf6 3. e3 Bg4 4. Be2 e6 5. Nbd2 Nbd7 6. O-O Bd6 7. b3 O-O 8.
Bb2 c6 9. h3 Bxf3 10. Bxf3 Qe7 11. Re1 Ba3 12. Bxa3 Qxa3 13. e4 Qb4 14. e5 Ne8
15. c4 Rd8 16. Rc1 Qb6 17. cxd5 cxd5 18. Nb1 Nb8 19. Qd2 Nc6 20. Rc5 Nc7 21.
Nc3 Na6 22. Na4 Qc7 23. Rc2 Qe7 24. Nc5 Nxc5 25. Rxc5 f6 26. exf6 Qxf6 27. Rd1
Rf7 28. b4 Qg6 29. Kh1 Rdf8 30. b5 Ne7 31. Qe2 Rf6 32. Rc7 Nf5 33. Rxb7 Nh4 34.
Re7 Rxf3 0-1

[Event "France Jeunes Belfort 2017"]
[Site "Belfort"]
[Date "2017.04.16"]
[Round "2.1"]
[White "Hebert, Floriane"]
[Black "Lomandong, Noela-Joyce"]
[Result "0-1"]
[ECO "B10"]
[WhiteElo "1589"]
[BlackElo "1987"]
[PlyCount "68"]
[EventDate "2017.??.??"]
[TimeControl "6000+735"]
[WhiteClock "0:00:56"]
[BlackClock "0:05:13"]

1. e4 c6 2. Nc3 g6 3. Bc4 Bg7 4. d3 d6 5. a3 Nf6 6. Nf3 O-O 7. O-O d5 8. exd5
cxd5 9. Bb3 Nc6 10. h3 Bf5 11. Re1 Rc8 12. Bd2 Re8 13. Rb1 a6 14. Ne2 e5 15.
Ng3 e4 16. Nxf5 gxf5 17. Nh2 Nd4 18. Bc3 Nxb3 19. Bxf6 Qxf6 20. cxb3 d4 21. Nf1
e3 22. fxe3 dxe3 23. Ng3 Qh4 24. Qf3 f4 25. Nf5 Qf6 26. Nxg7 Kxg7 27. Qxb7 Rc2
28. Qd7 Rd8 29. Qg4+ Qg6 30. Qxg6+ hxg6 31. Kf1 Rf2+ 32. Kg1 Rxd3 33. Rf1 Rc2
34. Rfe1 Rdd2 0-1

[Event "France Jeunes Belfort 2017"]
[Site "Belfort"]
[Date "2017.04.16"]
[Round "2.1"]
[White "Herreman-Boutot, Louise"]
[Black "Djidjeli, Sarah"]
[Result "0-1"]
[ECO "B22"]
[WhiteElo "1472"]
[BlackElo "1934"]
[PlyCount "52"]
[EventDate "2017.??.??"]
[TimeControl "4200+1075"]
[WhiteClock "0:27:17"]
[BlackClock "0:47:34"]

1. e4 c5 2. c3 d5 3. exd5 Qxd5 4. d4 Nc6 5. Nf3 Bf5 6. Bd3 Bxd3 7. Qxd3 O-O-O
8. Be3 c4 9. Qc2 Nf6 10. Nbd2 Nd7 11. b4 e5 12. Qe4 Qxe4 13. Nxe4 exd4 14. Nxd4
Nxd4 15. Bxd4 Re8 16. f3 f5 17. O-O fxe4 18. Rae1 e3 19. Bxe3 Bd6 20. f4 Rhf8
21. g3 Bc7 22. Kg2 Bb6 23. Rf3 Nf6 24. Bc5 Bxc5 25. Rxe8+ Rxe8 26. bxc5 Re2+
0-1

[Event "France Jeunes Belfort 2017"]
[Site "Belfort"]
[Date "2017.04.16"]
[Round "2.1"]
[White "Joly, Audrey"]
[Black "Aubert, Laurane"]
[Result "1-0"]
[ECO "B24"]
[WhiteElo "1747"]
[BlackElo "1998"]
[PlyCount "97"]
[EventDate "2017.??.??"]
[TimeControl "6000+705"]
[WhiteClock "0:09:21"]
[BlackClock "0:02:11"]

1. e4 c5 2. Nc3 Nc6 3. Bb5 Nd4 4. Bc4 e6 5. f4 a6 6. a4 Ne7 7. e5 d5 8. exd6
Nef5 9. Nf3 Bxd6 10. d3 Qc7 11. Nxd4 cxd4 12. Ne2 Qc6 13. O-O Rb8 14. Qe1 b5
15. axb5 axb5 16. Bb3 O-O 17. Ng3 Bb7 18. Rf2 Nh4 19. Qf1 Kh8 20. Ne4 Bc7 21.
Bd2 Nf5 22. Kh1 Ne7 23. Qe1 Nd5 24. Qe2 Rbe8 25. Qf3 Ba8 26. Qh3 Kg8 27. Ng5 h6
28. Ne4 f5 29. Ng3 Ne3 30. Rc1 Ng4 31. Re2 Rf6 32. Nxf5 Rxf5 33. Qxg4 Kh8 34.
Rce1 Rf6 35. Qh4 Bb7 36. f5 Rxf5 37. Bxh6 Kg8 38. Qg4 Rf7 39. Bxe6 Rxe6 40.
Rxe6 Qd5 41. Re8+ Kh7 42. Bd2 Rf5 43. R8e7 Rf7 44. Qh3+ Kg8 45. Re8+ Rf8 46.
Rxf8+ Kxf8 47. Qh8+ Kf7 48. Qe8+ Kf6 49. Rf1+ 1-0

[Event "France Jeunes Belfort 2017"]
[Site "Belfort"]
[Date "2017.04.16"]
[Round "2.1"]
[White "Jrade, Willis"]
[Black "Viennot, Dylan"]
[Result "0-1"]
[ECO "C01"]
[WhiteElo "2113"]
[BlackElo "2263"]
[PlyCount "68"]
[EventDate "2017.??.??"]
[TimeControl "6000+1005"]
[WhiteClock "0:00:41"]
[BlackClock "0:41:12"]

1. e4 e6 2. d4 d5 3. exd5 exd5 4. Bd3 Nc6 5. c3 Bd6 6. Qf3 Be6 7. Ne2 Qd7 8. h3
O-O-O 9. Bf4 Be7 10. Ng3 g6 11. Be5 f6 12. Bf4 f5 13. Be5 Nxe5 14. dxe5 d4 15.
c4 Bb4+ 16. Nd2 Ne7 17. O-O-O Qa4 18. Nb3 Qxa2 19. Kc2 Bc3 20. Rb1 Bd7 21. Ne2
Bc6 22. Qg3 Ba4 23. Nec1 Bxb3+ 24. Nxb3 Nc6 25. Nc5 b6 26. Ne6 Rde8 27. Ng7
Rxe5 28. Kc1 Ba5 29. Qf3 Qa4 30. b3 Qb4 31. Rd1 Qc3+ 32. Bc2 Bb4 33. Qxc3 Bxc3
34. g4 Nb4 0-1

[Event "France Jeunes Belfort 2017"]
[Site "Belfort"]
[Date "2017.04.16"]
[Round "2.1"]
[White "Laronche, Thomas"]
[Black "Flick, Antoine"]
[Result "1/2-1/2"]
[ECO "A00"]
[WhiteElo "1966"]
[BlackElo "2327"]
[PlyCount "111"]
[EventDate "2017.??.??"]
[TimeControl "6000+1045"]
[WhiteClock "0:05:17"]
[BlackClock "0:04:28"]

1. b4 d5 2. Bb2 Nf6 3. Nf3 e6 4. a3 Be7 5. e3 O-O 6. c4 c6 7. Nc3 Nbd7 8. Be2
b6 9. Qb3 Bb7 10. d3 Bd6 11. h3 Qe7 12. Rc1 Rac8 13. O-O Rfd8 14. d4 dxc4 15.
Bxc4 e5 16. e4 exd4 17. Nxd4 Bf4 18. Nf5 Qf8 19. Rcd1 Ne5 20. Ne2 Nxc4 21. Qxc4
Bb8 22. Nh6+ gxh6 23. Bxf6 b5 24. Qc3 Rxd1 25. Rxd1 c5 26. e5 Be4 27. bxc5 Qe8
28. f4 Bg6 29. Qg3 Qc6 30. f5 Qxc5+ 31. Kh1 Qc2 32. Nc3 Qxf5 33. Nd5 Qc2 34.
Re1 Re8 35. h4 Qc4 36. Nf4 h5 37. Qg5 Qc5 38. Nxh5 Qf8 39. Bg7 Qe7 40. Nf6+
Kxg7 41. Nxe8+ Qxe8 42. h5 Qe6 43. hxg6 hxg6 44. Qf6+ Qxf6 45. exf6+ Kxf6 46.
Rb1 Bd6 47. Rxb5 Bxa3 48. Ra5 Bd6 49. Rxa7 Bg3 50. Ra3 Be5 51. Rf3+ Kg7 52. Kg1
f5 53. Kf1 Kf6 54. g4 Kg5 55. gxf5 gxf5 56. Ke2 1/2-1/2

[Event "France Jeunes Belfort 2017"]
[Site "Belfort"]
[Date "2017.04.16"]
[Round "2.1"]
[White "Strasser, Arevik"]
[Black "Bellahcene, Sofia"]
[Result "0-1"]
[ECO "B32"]
[WhiteElo "1253"]
[BlackElo "1699"]
[PlyCount "102"]
[EventDate "2017.??.??"]
[TimeControl "6000+625"]
[WhiteClock "0:22:36"]
[BlackClock "0:53:37"]

1. e4 c5 2. Nf3 Nc6 3. d4 cxd4 4. Nxd4 g6 5. Be2 Bg7 6. Be3 Nf6 7. Nc3 Qa5 8.
O-O O-O 9. f4 d6 10. Bf3 Bd7 11. a3 Qb6 12. Na4 Qd8 13. Nc3 Nxd4 14. Bxd4 Bc6
15. Qd2 Qd7 16. Rad1 Rfd8 17. Qe2 b6 18. e5 dxe5 19. Bxe5 Qb7 20. Bxc6 Qxc6 21.
Qb5 Qb7 22. Rd3 a6 23. Qc4 b5 24. Rxd8+ Rxd8 25. Qc7 Qxc7 26. Bxc7 Rd2 27. Rf2
Rd7 28. Ba5 Nd5 29. Rf3 Bd4+ 30. Kh1 Nxc3 31. Rd3 Ne4 32. Be1 Rd6 33. c3 Nf2+
34. Bxf2 Bxf2 35. Rxd6 exd6 36. b3 d5 37. g3 Be1 38. Kg2 Bxc3 39. Kf2 Bd4+ 40.
Ke2 Kg7 41. h3 Kf6 42. g4 g5 43. Kf3 Bb2 44. a4 bxa4 45. bxa4 Bc1 46. fxg5+
Kxg5 47. Kg3 d4 48. h4+ Kg6 49. Kf3 d3 50. Kf2 d2 51. Ke2 h5 0-1

[Event "France Jeunes Belfort 2017"]
[Site "Belfort"]
[Date "2017.04.16"]
[Round "2.1"]
[White "Vernet, Solene"]
[Black "Saliou, Sarah"]
[Result "1-0"]
[ECO "E18"]
[WhiteElo "1863"]
[BlackElo "1684"]
[PlyCount "45"]
[EventDate "2017.??.??"]
[TimeControl "6000+960"]
[WhiteClock "0:24:56"]
[BlackClock "0:02:05"]

1. d4 Nf6 2. c4 b6 3. Nf3 Bb7 4. g3 e6 5. Bg2 Be7 6. O-O O-O 7. Nc3 d6 8. Qc2
Nbd7 9. Rd1 Re8 10. e4 Qc8 11. b3 e5 12. Bb2 Bf8 13. dxe5 dxe5 14. Bh3 Bc6 15.
Nd5 Qb7 16. Nxf6+ Nxf6 17. Nxe5 Bxe4 18. Qc3 a5 19. a3 h6 20. Rd2 Nh7 21. Nxf7
Ng5 22. Nxg5 hxg5 23. Rd7 1-0

[Event "France Jeunes Belfort 2017"]
[Site "Belfort"]
[Date "2017.04.16"]
[Round "2.1"]
[White "Yousfi, Adem"]
[Black "Mathieu, Phileas"]
[Result "1/2-1/2"]
[ECO "C06"]
[WhiteElo "1632"]
[BlackElo "2030"]
[PlyCount "161"]
[EventDate "2017.??.??"]
[TimeControl "6000+1765"]
[WhiteClock "0:01:16"]
[BlackClock "0:01:47"]

1. e4 e6 2. d4 d5 3. Nd2 Nf6 4. e5 Nfd7 5. Bd3 c5 6. c3 Nc6 7. Ne2 cxd4 8. cxd4
f6 9. exf6 Nxf6 10. Nf3 Bd6 11. O-O O-O 12. Bg5 Qc7 13. Bh4 Bd7 14. Bg3 Be8 15.
Bxd6 Qxd6 16. Ng3 Qf4 17. Re1 Bf7 18. Qc1 Qd6 19. Qd2 Rae8 20. Ne5 Nxd4 21.
Bxh7+ Kxh7 22. Qxd4 Nd7 23. Rad1 Nxe5 24. Rxe5 b6 25. Ne4 Qc6 26. Ng5+ Kg8 27.
Qd3 g6 28. Qh3 Kg7 29. Qh7+ Kf6 30. Rde1 Bg8 31. Qh8+ Ke7 32. Qg7+ Kd8 33. Qxg6
Qc5 34. Nf3 Bf7 35. Qg5+ Kd7 36. Qe3 Qd6 37. Nd4 a6 38. Rc1 Rc8 39. Re1 Rfe8
40. Qf3 Bg8 41. Qh5 Qf8 42. Qe2 Qf6 43. Qxa6 Qxe5 44. Qb5+ Kd8 45. Rxe5 Rc1+
46. Qf1 Rxf1+ 47. Kxf1 Kd7 48. h4 Kd6 49. f4 Rc8 50. Re1 Rc4 51. Rd1 Bf7 52. g4
e5 53. fxe5+ Kxe5 54. Nf3+ Kf4 55. Ng5 Bg8 56. b3 Rb4 57. a3 Rxb3 58. Rd4+ Ke3
59. Rd1 d4 60. Re1+ Kd2 61. Ne4+ Kd3 62. Nf2+ Kc3 63. Rc1+ Kd2 64. Rd1+ Ke3 65.
Re1+ Kf3 66. Ne4 Bc4+ 67. Kg1 Rb2 68. h5 Rg2+ 69. Kh1 Ra2 70. h6 Rxa3 71. Nd2+
Kxg4 72. Nxc4 Rh3+ 73. Kg1 Rxh6 74. Re4+ Kf3 75. Rxd4 Rg6+ 76. Kh2 Rg5 77. Nxb6
Rh5+ 78. Kg1 Rg5+ 79. Kf1 Rb5 80. Rd3+ Ke4 81. Rd6 1/2-1/2

[Event "France Jeunes Belfort 2017"]
[Site "Belfort"]
[Date "2017.04.16"]
[Round "2.1"]
[White "Zachary, Matheo"]
[Black "Cheikh-Boukal, Ziyad"]
[Result "1-0"]
[ECO "B40"]
[WhiteElo "2267"]
[BlackElo "1848"]
[PlyCount "69"]
[EventDate "2017.??.??"]
[TimeControl "6000+1170"]
[WhiteClock "0:02:48"]
[BlackClock "0:00:39"]

1. e4 c5 2. Nf3 e6 3. d4 cxd4 4. Nxd4 Nf6 5. Nc3 Nc6 6. Nb3 Bb4 7. Bd3 d5 8.
exd5 Nxd5 9. Bd2 Nxc3 10. bxc3 Bd6 11. Nd4 Ne5 12. Be2 a6 13. O-O O-O 14. Re1
Qc7 15. g3 b6 16. Rb1 Bb7 17. Be3 Rfd8 18. Rf1 b5 19. Qc1 Qxc3 20. Rb3 Qc7 21.
Qa1 Bd5 22. Rc3 Qa5 23. Nb3 Qa4 24. Bd4 Bxb3 25. Rxb3 f6 26. Rd1 Nc6 27. Bb6
Rd7 28. Bf3 Rc8 29. Rbd3 Be5 30. c3 Rxd3 31. Rxd3 Qc4 32. Qd1 Qxa2 33. Bxc6
Rxc6 34. Rd8+ Kf7 35. Qh5+ 1-0

[Event "France Jeunes Belfort 2017"]
[Site "Belfort"]
[Date "2017.04.16"]
[Round "2.2"]
[White "Afraoui, Anaelle"]
[Black "Beda, Salome"]
[Result "1-0"]
[ECO "B34"]
[WhiteElo "1977"]
[BlackElo "1731"]
[PlyCount "51"]
[EventDate "2017.??.??"]
[TimeControl "6000+1165"]
[WhiteClock "0:20:54"]
[BlackClock "0:11:10"]

1. e4 c5 2. Nf3 Nc6 3. Nc3 g6 4. d4 cxd4 5. Nxd4 Bg7 6. Be3 Nf6 7. f3 Qb6 8.
Nf5 Qxb2 9. Nxg7+ Kf8 10. Na4 Qa3 11. c3 b6 12. Bc1 Qd6 13. Qxd6 exd6 14. Bh6
Ke7 15. Rd1 Rd8 16. g4 Ne5 17. Be2 Ng8 18. g5 Nxh6 19. gxh6 f6 20. h4 Nf7 21.
h5 Rh8 22. Rg1 Nxh6 23. hxg6 hxg6 24. Rxg6 Kf7 25. Rg1 Rg8 26. Bc4+ 1-0

[Event "France Jeunes Belfort 2017"]
[Site "Belfort"]
[Date "2017.04.16"]
[Round "2.2"]
[White "Bureau-Leroyer, Lola"]
[Black "Parlas, Helin"]
[Result "1-0"]
[ECO "A04"]
[WhiteElo "1635"]
[BlackElo "1606"]
[PlyCount "75"]
[EventDate "2017.??.??"]
[TimeControl "6000+825"]
[WhiteClock "0:07:59"]
[BlackClock "0:09:00"]

1. Nf3 c5 2. c4 g6 3. e3 Bg7 4. g3 Nf6 5. Bg2 O-O 6. O-O d6 7. d3 Nc6 8. Qe2
Rb8 9. b3 Bf5 10. Bb2 a6 11. Nc3 Qd7 12. Rfd1 b5 13. d4 cxd4 14. cxb5 d3 15.
Qe1 Nb4 16. Nd4 Nc2 17. Nxc2 dxc2 18. Rdc1 Bd3 19. bxa6 Ne4 20. Bf1 Ng5 21. Bg2
Ne4 22. Na4 e5 23. Nc3 d5 24. f3 Nxc3 25. Qxc3 Bxa6 26. Rxc2 Rfc8 27. Qd2 Rxc2
28. Qxc2 d4 29. exd4 exd4 30. Bf1 d3 31. Qd2 Bxb2 32. Qxb2 Rc8 33. Rc1 Rxc1 34.
Qxc1 d2 35. Qd1 Qd4+ 36. Kg2 Qe3 37. Bxa6 Qe1 38. Be2 1-0

[Event "France Jeunes Belfort 2017"]
[Site "Belfort"]
[Date "2017.04.16"]
[Round "2.2"]
[White "Kern, Nicolas"]
[Black "Tahay, Alexis"]
[Result "0-1"]
[ECO "A57"]
[WhiteElo "2085"]
[BlackElo "2239"]
[PlyCount "126"]
[EventDate "2017.??.??"]
[TimeControl "6000+810"]
[WhiteClock "0:00:32"]
[BlackClock "0:10:10"]

1. d4 Nf6 2. c4 c5 3. d5 b5 4. Nf3 bxc4 5. Nc3 d6 6. e4 Nbd7 7. Bxc4 g6 8. O-O
Bg7 9. Re1 O-O 10. Bg5 h6 11. Bd2 Ng4 12. Qc1 Kh7 13. Nd1 Qb6 14. Bc3 Rb8 15.
Bxg7 Kxg7 16. Qc3+ f6 17. Nd2 Nge5 18. Re3 Qb4 19. Be2 g5 20. Rg3 Qxc3 21. Rxc3
Rb4 22. f3 Nb6 23. a3 Ra4 24. Ne3 f5 25. Nec4 Nexc4 26. Nxc4 Nxc4 27. Bxc4 f4
28. e5 dxe5 29. Bb5 Rd4 30. Rxc5 Rd8 31. Bc6 g4 32. Re1 Kf6 33. Kf2 gxf3 34.
gxf3 Rg8 35. Bb5 Bh3 36. Bf1 Bxf1 37. Kxf1 Rd8 38. Ra5 R4xd5 39. Rxa7 Rd3 40.
Kf2 Rb3 41. Re2 Rdd3 42. Ra6+ e6 43. Ra7 Rxf3+ 44. Kg2 Rfd3 45. Rf2 Rd8 46. a4
Rg8+ 47. Kf1 Rgb8 48. a5 Rxb2 49. a6 Rxf2+ 50. Kxf2 Rb3 51. Ra8 Ra3 52. a7 Kg7
53. h4 e4 54. Ke2 Ra2+ 55. Kf1 e3 56. Re8 Rxa7 57. Rxe6 Ra4 58. Ke2 Kf7 59. Rd6
Ra2+ 60. Kf3 Rf2+ 61. Kg4 e2 62. Rd7+ Ke8 63. Ra7 e1=Q 0-1

[Event "France Jeunes Belfort 2017"]
[Site "Belfort"]
[Date "2017.04.16"]
[Round "2.2"]
[White "Meric, Geoffrey"]
[Black "Cohen Revivo, Shoham"]
[Result "0-1"]
[ECO "C11"]
[WhiteElo "1862"]
[BlackElo "2221"]
[PlyCount "72"]
[EventDate "2017.??.??"]
[TimeControl "6000+27075"]
[WhiteClock "0:01:00"]
[BlackClock "0:47:43"]

1. e4 e6 2. d4 d5 3. Nc3 Nf6 4. e5 Nfd7 5. f4 c5 6. Nf3 Nc6 7. Be3 a6 8. Qd2 b5
9. Be2 Qb6 10. Nd1 cxd4 11. Nxd4 Bc5 12. c3 O-O 13. O-O Bb7 14. b4 Bxd4 15.
cxd4 a5 16. Nc3 axb4 17. Nxb5 Ba6 18. Nd6 f5 19. Bxa6 Rxa6 20. Rfb1 Rfa8 21.
Rb3 Ra4 22. Kh1 Qa6 23. Rb2 Ra3 24. Bf2 b3 25. h3 Rxa2 26. Rbxa2 bxa2 27. Qb2
Nb6 28. Kh2 Nc4 29. Nxc4 Qxc4 30. Qb7 Ra7 31. Qb2 Kf7 32. Be3 Nb4 33. Bd2 Nc2
34. Qb8 Re7 35. Qh8 Nxa1 36. Qxh7 Nc2 0-1

[Event "France Jeunes Belfort 2017"]
[Site "Belfort"]
[Date "2017.04.16"]
[Round "2.2"]
[White "Nguyen, Thao Nhi"]
[Black "Atli, Celine"]
[Result "1-0"]
[ECO "B23"]
[WhiteElo "1691"]
[BlackElo "1271"]
[PlyCount "111"]
[EventDate "2017.??.??"]
[TimeControl "6000+830"]
[WhiteClock "0:27:45"]
[BlackClock "0:09:26"]

1. e4 c5 2. Nc3 e6 3. f4 d5 4. Bb5+ Nc6 5. Bxc6+ bxc6 6. Nf3 Ba6 7. d3 dxe4 8.
Nxe4 f5 9. Nc3 Nf6 10. O-O Bd6 11. Ng5 Bc8 12. Re1 O-O 13. Nxe6 Bxe6 14. Rxe6
Re8 15. Rxe8+ Qxe8 16. Bd2 Qf7 17. Qf3 Rc8 18. Re1 Nd5 19. a3 Nxc3 20. Bxc3 Qc7
21. Be5 Qd7 22. Re3 Re8 23. Bxd6 Rxe3 24. Qxe3 Qxd6 25. Qe8+ Qf8 26. Qxc6 Qe7
27. Qd5+ Kf8 28. Qxf5+ Kg8 29. Qe4 Qf8 30. g3 h6 31. Qe5 Qc8 32. Qd5+ Kh7 33.
Kg2 Qc7 34. Qe5 Qa5 35. Qe3 Kh8 36. Kf3 Qc7 37. Qe8+ Kh7 38. Qe5 Qb6 39. Qe4+
Kh8 40. Qe5 Qc6+ 41. Qe4 Qb6 42. Qe8+ Kh7 43. Qe5 Kh8 44. Ke2 a5 45. Kd2 c4 46.
dxc4 Qf2+ 47. Kd3 Qf3+ 48. Qe3 Qd1+ 49. Kc3 Qd6 50. c5 Qc6 51. Kc4 Qa6+ 52. Kd4
Qb5 53. Qb3 Qd7+ 54. Qd5 Qa4+ 55. Kc3 Qb5 56. Qd8+ 1-0

[Event "France Jeunes Belfort 2017"]
[Site "Belfort"]
[Date "2017.04.16"]
[Round "2.2"]
[White "Philippe, Guillaume"]
[Black "Karapetian, Rouben"]
[Result "1-0"]
[ECO "A05"]
[WhiteElo "2307"]
[BlackElo "1968"]
[PlyCount "83"]
[EventDate "2017.??.??"]
[TimeControl "6000+810"]
[WhiteClock "0:18:25"]
[BlackClock "0:00:40"]

1. Nf3 Nf6 2. e3 d5 3. c4 e6 4. b3 Be7 5. Bb2 Nbd7 6. Nc3 c6 7. d4 O-O 8. Bd3
Bd6 9. O-O dxc4 10. bxc4 e5 11. Qc2 Re8 12. Rad1 Qe7 13. Ng5 Nf8 14. Nge4 exd4
15. Nxd6 Qxd6 16. exd4 Ng4 17. g3 Qh6 18. h4 Ng6 19. Rfe1 Bd7 20. Bc1 Qh5 21.
f3 Nf6 22. Qf2 Bf5 23. Bf1 Bd7 24. Bg5 h6 25. Bxf6 gxf6 26. Ne4 Kg7 27. Nd6
Rxe1 28. Rxe1 b6 29. f4 Qg4 30. Kh2 c5 31. f5 Nf8 32. dxc5 bxc5 33. Qxc5 Rb8
34. Qd5 Rb2+ 35. Bg2 Ne6 36. fxe6 Bxe6 37. Ne8+ Kh8 38. Qa8 Qh3+ 39. Kg1 Qxg3
40. Nxf6+ Rb8 41. Qe4 Kg7 42. Nh5+ 1-0

[Event "France Jeunes Belfort 2017"]
[Site "Belfort"]
[Date "2017.04.16"]
[Round "2.2"]
[White "Popov, Konstantin"]
[Black "Trabet, Mathis"]
[Result "1-0"]
[ECO "B49"]
[WhiteElo "2026"]
[BlackElo "1675"]
[PlyCount "49"]
[EventDate "2017.??.??"]
[TimeControl "6000+850"]
[WhiteClock "0:47:56"]
[BlackClock "0:31:55"]

1. e4 c5 2. Nf3 e6 3. d4 cxd4 4. Nxd4 Nc6 5. Be3 Qc7 6. Nc3 a6 7. Be2 Nf6 8.
O-O Bb4 9. f3 O-O 10. Nb3 h6 11. a3 Bxc3 12. bxc3 d5 13. Bd3 Rd8 14. Qe1 dxe4
15. Bxe4 Nxe4 16. fxe4 e5 17. Qg3 Kh8 18. Rf2 f6 19. Qg6 Ne7 20. Qf7 Rg8 21.
Bc5 b6 22. Qxe7 Qc6 23. Qd6 Qxd6 24. Bxd6 Rd8 25. Bc7 1-0

[Event "France Jeunes Belfort 2017"]
[Site "Belfort"]
[Date "2017.04.16"]
[Round "2.2"]
[White "Rollot, Florence"]
[Black "Goeau, Aurelice"]
[Result "1-0"]
[ECO "A05"]
[WhiteElo "1973"]
[BlackElo "1600"]
[PlyCount "67"]
[EventDate "2017.??.??"]
[TimeControl "6000+1160"]
[WhiteClock "0:26:04"]
[BlackClock "0:04:55"]

1. Nf3 Nf6 2. c4 g6 3. g3 Bg7 4. Bg2 O-O 5. Nc3 d6 6. O-O Nbd7 7. Rb1 e5 8. b4
c6 9. d3 Qe7 10. Nd2 Nb6 11. a4 a5 12. bxa5 Rxa5 13. Rxb6 Qc7 14. Rb1 Be6 15.
Qb3 Ra7 16. Qb6 Qxb6 17. Rxb6 Nd7 18. Rb4 Rb8 19. Nde4 Bf8 20. Be3 Raa8 21. Ng5
d5 22. Rbb1 d4 23. Nxe6 fxe6 24. Ne4 dxe3 25. fxe3 Rxa4 26. Bh3 Re8 27. Rxb7
Re7 28. Rxd7 Rxd7 29. Bxe6+ Kg7 30. Bxd7 Ra6 31. Ng5 Bb4 32. Rf7+ Kg8 33. Be6
Kh8 34. Rxh7# 1-0